 Dungeon Crawl Stone Soup version 0.28.0-49-g6dfe1f597d (webtiles) character file.

Game seed: 3665441885144481520

357 nickcage the Vexing (level 6, 0/28 HPs)
             Began as a Spriggan Venom Mage on May 18, 2022.
             Killed by divine providence
             ... invoked by an orc priest
              (15 damage)
             ... on level 5 of the Dungeon.
             The game lasted 00:16:58 (4874 turns).

nickcage the Vexing (Spriggan Venom Mage)           Turns: 4874, Time: 00:16:59

Health: 0/28       AC:  3    Str:  4    XL:     6   Next: 36%
Magic:  7/11       EV: 17    Int: 18    God:
Gold:   188        SH:  0    Dex: 16    Spells: 1/11 levels left

rFire   . . .      SeeInvis +   b - +0 dagger
rCold   . . .      Faith    .   (no shield)
rNeg    . . .      Spirit   .   a - +0 robe
rPois   .          Reflect  .   (helmet restricted)
rElec   .          Harm     .   i - +0 cloak
rCorr   .          Rampage  .   (gloves unavailable)
Will    +....                   (boots unavailable)
Stlth   ++........              (no amulet)
HPRegen 0.09/turn               (no ring)
MPRegen 0.12/turn               (no ring)

@: very quick
A: very small, no large weapons, unfitting armour, see invisible, speed 3
a: no special abilities


You were on level 5 of the Dungeon.
You visited 1 branch of the dungeon, and saw 5 of its levels.

You collected 188 gold pieces.

Inventory:

Hand Weapons
 b - a +0 dagger (weapon)
Missiles
 p - 6 boomerangs of dispersal
Armour
 a - a +0 robe (worn)
 i - a +0 cloak (worn)
Magical Staves
 g - a staff of conjuration
Wands
 f - a wand of polymorph (8)
Scrolls
 c - 2 scrolls of teleportation
 e - a scroll of fear
Potions
 d - a potion of mutation
 h - 2 potions of lignification
 j - 2 potions of curing
 k - a potion of magic
 l - a potion of invisibility {unknown}
 m - a potion of attraction {unknown}
 o - a potion of might {unknown}
 q - a potion of heal wounds {unknown}
 r - 2 potions of haste


   Skills:
 - Level 4.0 Short Blades
 - Level 2.6 Dodging
 - Level 3.0 Stealth
 - Level 3.0 Spellcasting
 * Level 4.9 Hexes
 - Level 2.0 Transmutations
 - Level 4.0 Poison Magic


You had one spell level left.
You knew the following spells:

 Your Spells              Type           Power      Damage    Failure   Level
a - Sting                 Tmut/Pois      52%        1d5       4%          1
b - Ensorcelled Hibernat  Hex/Ice        22%        N/A       9%          2
c - Mephitic Cloud        Conj/Pois/Air  7%         N/A       28%         3
d - Olgreb's Toxic Radia  Pois           17%        N/A       30%         4

Your spell library contained the following spells:

 Spells                   Type           Power      Damage    Failure   Level
 Confusing Touch          Hex            20%        N/A       6%          3
 Poisonous Vapours        Pois/Air       18%        N/A       11%         2
 Passwall                 Tmut/Erth      5%         N/A       16%         2
 Cause Fear               Hex            10%        N/A       22%         4
 Swiftness                Air            2%         N/A       43%         3
 Yara's Violent Unravell  Hex/Tmut       7%         3d5       73%         5
 Dragon Form              Tmut           4%         N/A       100%        7
 Enfeeble                 Hex            10%        N/A       100%        7
 Dragon's Call            Summ           1%         N/A       100%        9


Dungeon Overview and Level Annotations

Branches:
Dungeon (5/15)
 Temple: D:4-7

Altars:
Cheibriados
Hepliaklqana
Okawaru
Sif Muna
Wu Jian


Innate Abilities, Weirdness & Mutations

You are very small and have problems with some larger weapons.
You are too small for most types of armour.
You have supernaturally acute eyesight. (SInv)
You cover ground extremely quickly. (Speed+++)


Message History

Press: ? - help, Shift-Dir - straight line, f - orc priest
Aim: an orc priest, wielding a +0 hand axe (chance to affect: 44%)
The orc priest resists with some effort.
The orc priest misses you.
Aiming: Sting (safe; 4% risk of failure)
Press: ? - help, Q - select action, (/) - cycle Shift-Dir - straight line, f/p - orc priest
Aim: an orc priest, wielding a +0 hand axe (71% to hit)
The sting hits the orc priest.
The orc priest is poisoned.
The orc priest is lightly wounded.
The orc priest misses you.
The orc priest mumbles some strange prayers to Beogh against you.
Beogh smites you!
* * * LOW HITPOINT WARNING * * *
The orc priest calls upon Beogh to heal the orc priest.
The orc priest's wounds heal themselves!
A water moccasin comes into view.
A black bear comes into view.
You start resting.
An orc priest is nearby!
You are too injured to fight recklessly!
Aiming: Ensorcelled Hibernation (safe; 10% risk of failure)
Press: ? - help, Q - select action, (/) - cycle Shift-Dir - straight line, f - orc priest
Aim: an orc priest, wielding a +0 short sword (heavily wounded, chance to affect: 44%)
The orc priest resists with some effort.
Aiming: Ensorcelled Hibernation (safe; 10% risk of failure)
Press: ? - help, Q - select action, (/) - cycle Shift-Dir - straight line, f/p - orc priest
Aim: an orc priest, wielding a +0 short sword (heavily wounded, chance to affect: 44%)
The orc priest looks drowsy...
The helpless orc priest fails to defend itself.
You impale the orc priest!!
You kill the orc priest!
You start resting.
A water moccasin is nearby!
You start resting.
An orc priest is nearby!
The orc priest shouts!
The orc priest calls down the wrath of Beogh upon you.
Beogh smites you!
Ouch! That really hurt!
You die...

#............#
#........##.
....###.#####.#
###.####.##.
##.. ##)#####.#
##.##. ...h
.........#
#...#. ....
.######.##
#.#... .#..#.
#.# #...#.
..... #.#
###### ..##
#.#########
#....@....####
######.......#
#.##o##.#
#.##.##.#
#....##.#
#..####.#
#..####.#
#.......# ..>
##o######


You could see an orc priest.

Vanquished Creatures
  A kobold brigand (D:4)
  A scorpion (D:3)
  An orc priest (D:5)
  An iguana (D:4)
  5 adders
  2 howler monkey skeletons
  An ufetubus (D:4)
  3 worms (D:2)
  5 dart slugs
  2 orcs (D:5)
  6 endoplasms
  7 giant cockroaches
  7 goblins
  7 hobgoblins
  2 jackals (D:3)
  5 quokkas
  12 ball pythons
  5 bats
  3 frilled lizards
  6 kobolds
  5 rats
87 creatures vanquished.

Notes
Turn   | Place    | Note
-------+----------+-------------------------------------------
     0 | D:1      | nickcage the Spriggan Venom Mage began the quest for the
                  | Orb.
     0 | D:1      | Reached XP level 1. HP: 9/9 MP: 5/5
   257 | D:1      | Reached XP level 2. HP: 13/13 MP: 3/6
   260 | D:1      | Learned a level 2 spell: Ensorcelled Hibernation
   366 | D:1      | Found a faded altar of an unknown god.
   598 | D:1      | Reached skill level 1 in Short Blades
  1183 | D:2      | Reached XP level 3. HP: 16/16 MP: 6/8
  1302 | D:2      | Reached skill level 1 in Hexes
  1858 | D:3      | Reached XP level 4. HP: 8/21 MP: 7/9
  2109 | D:3      | Noticed a scorpion
  2116 | D:3      | Killed a scorpion
  2154 | D:3      | Reached XP level 5. HP: 24/24 MP: 8/10
  2158 | D:3      | Learned a level 3 spell: Mephitic Cloud
  2163 | D:3      | Learned a level 4 spell: Olgreb's Toxic Radiance
  3021 | D:4      | Found an ornate altar of the Wu Jian Council.
  3047 | D:4      | Found a snail-covered altar of Cheibriados.
  3047 | D:4      | Found a shimmering blue altar of Sif Muna.
  3048 | D:4      | Found an iron altar of Okawaru.
  3049 | D:4      | Noticed a phantom
  3560 | D:4      | Reached XP level 6. HP: 15/28 MP: 6/11
  4246 | D:5      | Entered Level 5 of the Dungeon
  4293 | D:5      | Found a hazy altar of Hepliaklqana.
  4806 | D:5      | Noticed a water moccasin
  4874 | D:5      | Killed from afar by an orc priest

Illustrated notes

Levels and vault maps discovered:
D:1:      nicolae_arrival_memento_mori, layout_loops_ring,
          dreamdust_ecumenical_altar_grove
D:2:      layout_loops_cross, kennysheep_potato
D:3:      layout_loops_ring
D:4:      layout_loops_ring, grunt_temple_overflow_open
D:5:      layout_loops_cross, mainiacjoe_overflow_surrounded_room,
          minmay_misc_feat_iff

Skill      XL: |  1  2  3  4  5 |
---------------+----------------+-----
Short Blades   | 1 2 4 |  4.0
Spellcasting   | 3 |  3.0
Hexes          | 1 2 4 |  4.9
Transmutations | 2 |  2.0
Poison Magic   | 4 |  4.0
Dodging        | |  2.6
Stealth        | |  3.0

Action                   |  1- 3 |  4- 6 || total
-------------------------+-------+-------++-------
Melee: Dagger            |    43 |    87 ||   130
 Cast: Sting             |    48 |    80 ||   128
       Ensorcelled Hiber |       |     8 ||     8
  Use: Scroll            |       |     9 ||     9
 Stab: Sleeping          |    14 |     8 ||    22
Armor: Robe              |     6 |    11 ||    17
Dodge: Dodged            |    31 |    84 ||   115
